 Dungeon Crawl Stone Soup version 0.20-a0-809-gaf7f668 (webtiles) character file.

9421 blexxed the Grappler (level 11, -4/89 HPs)
             Began as a Centaur Transmuter on Mar 3, 2017.
             Was the Champion of Cheibriados.
             Slain by Sonja
             ... wielding a +2 short sword of distortion
              (12 damage)
             ... on level 10 of the Dungeon.
             The game lasted 00:22:18 (11688 turns).

blexxed the Grappler (Centaur Transmuter)          Turns: 11688, Time: 00:22:19

Health: -4/89      AC: 16    Str: 29    XL:     11   Next: 22%
Magic:  10/13      EV:  8    Int: 27    God:    Cheibriados [******]
Gold:   601        SH:  0    Dex: 32    Spells: 4/13 levels left

rFire    . . .     SeeInvis .     - Unarmed
rCold    + . .     Gourm    +   K - +1 ring mail of Weightlessness {rC+ Dex+5}
rNeg     . . .     Faith    .   (shield currently unavailable)
rPois    .         Spirit   .   (no helmet)
rElec    .         Reflect  .   i - +1 cloak
rCorr    +         Harm     .   (gloves currently unavailable)
MR       .....                  B - +2 centaur barding {Fly}
Stlth    +++.......             o - amulet of the gourmand
Regen    0.3/turn               w - ring of resist corrosion
MPRegen  0.2/turn               m - ring of stealth

@: lethally poisoned (-4 -> -6), blade hands, flying, slowed, very slow
A: hooves 3, deformed body, speed 2, tough skin 3
a: End Transformation, Bend Time, Temporal Distortion, Slouch, Step From Time,
Renounce Religion, Stop Flying


You were on level 10 of the Dungeon.
You worshipped Cheibriados.
Cheibriados was exalted by your worship.
You were very full.
You had blades for hands.
You visited 1 branch of the dungeon, and saw 10 of its levels.
You also visited: Sewer.

You collected 601 gold pieces.

Inventory:

Hand Weapons
 C - a +0 blowgun
Missiles
 a - 144 arrows
 D - 87 poisoned needles
Armour
 b - a +0 robe
 f - a +0 leather armour
 h - a +0 leather armour
 i - a +1 cloak (worn)
 l - a +0 scale mail
 B - a +2 centaur barding of flying (worn)
 K - the +1 ring mail of Weightlessness (worn) {rC+ Dex+5}
   (You found it on level 9 of the Dungeon)

   It affects your dexterity (+5).
   It protects you from cold.
Jewellery
 m - a ring of stealth (left scythe-like blade)
 o - an amulet of the gourmand (around neck)
 w - a ring of resist corrosion (right scythe-like blade)
 F - an uncursed ring of teleportation
Wands
 A - a wand of flame (27/48)
 G - a wand of flame (32/48)
 H - a wand of disintegration (13/24)
Scrolls
 p - a scroll of teleportation
 q - 3 scrolls of remove curse
 t - 3 scrolls of blinking
 x - 2 scrolls of enchant weapon
 J - a scroll of recharging {unknown}
Potions
 e - 2 potions of haste
 g - 2 potions of flight
 k - 3 potions of curing
 r - a potion of brilliance {unknown}
 u - a potion of mutation
 v - a potion of cancellation
 z - a potion of agility {unknown}
Books
 c - a book of Changes

   Spells                             Type                      Level
   a - Beastly Appendage              Transmutation                1
   b - Sticks to Snakes               Transmutation                2
   c - Spider Form                    Transmutation/Poison         3
   d - Ice Form                       Ice/Transmutation            4
   e - Blade Hands                    Transmutation                5
 y - a book of Misfortune

   Spells                             Type                      Level
   a - Confusing Touch                Hexes                        1
   b - Confuse                        Hexes                        3
   c - Gell's Gravitas                Translocation                3
   d - Petrify                        Transmutation/Earth          4
   e - Metabolic Englaciation         Hexes/Ice                    5
   f - Yara's Violent Unravelling     Hexes/Transmutation          5
 E - a book of Cantrips

   Spells                             Type                      Level
   a - Confusing Touch                Hexes                        1
   b - Animate Skeleton               Necromancy                   1
   c - Summon Small Mammal            Summoning                    1
   d - Apportation                    Translocation                1
Comestibles
 d - 6 bread rations
 j - 3 fruits
 n - 3 meat rations
 s - 2 royal jellies


   Skills:
 + Level 5.8 Fighting
 - Level 4.5 Armour
 + Level 1.9 Dodging
 - Level 13.3 Unarmed Combat
 - Level 1.5 Spellcasting
 - Level 7.1 Transmutations


You had 4 spell levels left.
You knew the following spells:

 Your Spells              Type           Power        Failure   Level  Hunger
a - Beastly Appendage     Tmut           #####.       14%         1    #......
b - Spider Form           Tmut/Pois      ###.......   50%         3    ###....
c - Blade Hands           Tmut           #####.....   63%         5    ######.


Dungeon Overview and Level Annotations

Branches:
Dungeon (10/15)            Temple (0/1) D:7            Lair (0/6) D:8
    Orc: D:9-12

Altars:
Ashenzari
Cheibriados
Gozag
Hepliaklqana
Kikubaaqudgha
Ru
Trog
Wu Jian
Xom
Yredelemnul
The Shining One

Shops:
D:4 (   D:8 (   D:9 *

Annotations:
D:10 Sonja


Innate Abilities, Weirdness & Mutations

You have hooves in place of feet.
Armour fits poorly on your strangely shaped body.
You cover ground very quickly.
You have extremely tough skin. (AC +3)


Message History

Sonja mumbles some strange words.
Sonja blinks!
The crimson imp hits you but does no damage.
Unknown command.
You hit Sonja but do no damage. Your kick misses Sonja.
Sonja is lightly wounded.
You feel sick. Sonja barely misses you. Sonja hits you but does no damage.
You blink.
Unknown command.
Your surroundings seem slightly different.
You feel sick.
Sonja gestures wildly while chanting.
Sonja blinks!
Sonja hits you but does no damage. Space bends around you.
Sonja hits you but does no damage. Space bends around you.
* * * LOW HITPOINT WARNING * * *
Sonja hits you but does no damage. Space warps horribly around you!
* * * LOW HITPOINT WARNING * * *
The crimson imp closely misses you. Sonja hits you but does no damage.
Space warps horribly around you!
You die...

........#
#.........#
........#
#.........#
........#
###'#######
........#
#.#
........#
#.#
######+##
###.# #.((#
####'#######
#..@.......#
#.5K§......#
#...)......#
+.....(....#
#......§...#
#(.........#
#..........#
##+#########


You could see Sonja and a crimson imp.

Vanquished Creatures
  Harold (D:10)
  3 two-headed ogres
  Pikel (D:3)
  A cyclops (D:9)
  The ghost of polly the Slasher, a novice DsGl of Wu Jian (D:5)
  A troll (D:9)
  Grinder (D:3)
  A hippogriff (D:7)
  4 yaks (D:10)
  A water moccasin (D:5)
  A slave (D:3)
  A black bear (D:9)
  A phantom (D:9)
  3 orc warriors
  3 sky beasts
  A necrophage (D:5)
  An ice beast (D:5)
  5 ogres
  The ghost of Glaeka the Conjurer, an amateur DrCj of Zin (D:4)
  3 centaurs
  A big kobold (D:7)
  4 bullfrogs
  A wyvern skeleton (D:7)
  2 scorpions
  4 killer bees (D:10)
  5 wights (D:9)
  4 howler monkeys
  2 centaur zombies
  A bullfrog zombie (D:7)
  5 jellies
  A hound (D:8)
  A quasit (D:8)
  5 orc priests
  2 bullfrog skeletons
  Jessica (D:3)
  14 orc wizards
  Ijyb (D:3)
  5 iguanas
  9 worker ants
  2 hound skeletons
  A hound zombie (D:6)
  A worker ant zombie (D:8)
  17 adders
  A shadow imp (D:6)
  12 oozes
  2 worms
  A dart slug (D:2)
  9 leopard geckos
  45 orcs
  23 giant cockroaches
  14 goblins
  9 hobgoblins
  12 jackals
  6 quokkas
  10 ball pythons
  10 bats
  19 frilled lizards
  3 jackal skeletons
  23 kobolds
  A leopard gecko zombie (D:6)
  A quokka skeleton (D:4)
  10 rats
335 creatures vanquished.

Vanquished Creatures (others)
  2 adders (D:4)
  A dart slug (D:4)
  2 plants (D:7)
5 creatures vanquished.

Grand Total: 340 creatures vanquished

Notes
Turn   | Place    | Note
-------+----------+-------------------------------------------
     0 | D:1      | blexxed the Centaur Transmuter began the quest for the Orb.
     0 | D:1      | Reached XP level 1. HP: 16/16 MP: 3/3
    29 | D:1      | Found a shattered altar of Ashenzari.
   336 | D:1      | Reached XP level 2. HP: 18/23 MP: 4/4
   605 | D:1      | Reached skill level 4 in Unarmed Combat
   911 | D:2      | Reached XP level 3. HP: 27/28 MP: 3/5
  1076 | D:2      | Learned a level 3 spell: Spider Form
  1142 | D:2      | Found a basalt altar of Yredelemnul.
  1142 | D:2      | Found a hazy altar of Hepliaklqana.
  1162 | D:2      | Found an opulent altar of Gozag.
  1164 | D:2      | Found a sacrificial altar of Ru.
  1166 | D:2      | Found a faded altar of an unknown god.
  1628 | D:2      | Found a snail-covered altar of Cheibriados.
  1654 | D:2      | Became a worshipper of Cheibriados the Contemplative
  2303 | D:3      | Reached XP level 4. HP: 34/35 MP: 6/6
  2524 | D:3      | Reached skill level 5 in Unarmed Combat
  2658 | D:3      | Noticed Grinder
  2670 | D:3      | Killed Grinder
  2670 | D:3      | Reached skill level 6 in Unarmed Combat
  2670 | D:3      | Reached XP level 5. HP: 34/40 MP: 7/7
  2670 | D:3      | Reached XP level 6. HP: 39/47 MP: 8/8
  2698 | D:3      | Noticed Ijyb
  2705 | D:3      | Killed Ijyb
  2844 | D:3      | Noticed Jessica
  2852 | D:3      | Killed Jessica
  2912 | D:3      | Reached skill level 7 in Unarmed Combat
  3399 | D:4      | Found Rikkimny's Weapon Shop.
  3485 | D:4      | Reached XP level 7. HP: 52/52 MP: 5/9
  3538 | D:4      | Noticed Pikel
  3903 | D:3      | Killed Pikel
  3903 | D:3      | Reached skill level 9 in Unarmed Combat
  3903 | D:3      | Reached XP level 8. HP: 33/59 MP: 3/10
  4192 | D:4      | Noticed Glaeka's ghost (amateur DrCj)
  4213 | D:4      | Killed Glaeka's ghost
  4513 | D:5      | Entered Level 5 of the Dungeon
  4536 | D:5      | Noticed polly's ghost (novice DsGl)
  4618 | D:5      | Killed polly's ghost
  4618 | D:5      | Reached * piety under Cheibriados
  4618 | D:5      | Reached skill level 10 in Unarmed Combat
  4830 | D:5      | Learned a level 5 spell: Blade Hands
  5055 | D:5      | Reached skill level 5 in Transmutations
  5302 | D:5      | Found a shimmering altar of Xom.
  5382 | D:5      | Reached XP level 9. HP: 51/62 MP: 11/11
  5723 | D:5      | Found an ornate altar of the Wu Jian Council.
  6052 | D:6      | Noticed a moth of wrath
  6055 | D:6      | Found a bloodstained altar of Trog.
  6216 | D:6      | Reached ** piety under Cheibriados
  6292 | D:6      | Found an ancient bone altar of Kikubaaqudgha.
  6404 | D:6      | Found a glowing drain.
  6413 | Sewer    | Entered a sewer
  6678 | Sewer    | Reached *** piety under Cheibriados
  7353 | D:6      | Reached **** piety under Cheibriados
  7514 | D:7      | Reached skill level 11 in Unarmed Combat
  7628 | D:7      | Found a staircase to the Ecumenical Temple.
  7983 | D:7      | Reached ***** piety under Cheibriados
  8585 | D:7      | Found a glowing golden altar of the Shining One.
  8619 | D:7      | Reached XP level 10. HP: 72/75 MP: 8/12
  8623 | D:7      | Reached skill level 12 in Unarmed Combat
  9821 | D:8      | Found Iplarghoc's Antique Weapon Emporium.
  9821 | D:8      | Found a staircase to the Lair.
  9982 | D:9      | Noticed a cyclops
 10033 | D:8      | Noticed a two-headed ogre
 10039 | D:8      | Killed a two-headed ogre
 10039 | D:8      | Reached skill level 13 in Unarmed Combat
 10074 | D:8      | Reached ****** piety under Cheibriados
 10153 | D:9      | Killed a cyclops
 10230 | D:9      | Got a spiked ring mail
 10241 | D:9      | Identified the +1 ring mail of Weightlessness {rC+ Dex+5} (You found it on level 9 of the Dungeon)
 10290 | D:9      | Found Nalo's Assorted Antiques.
 10356 | D:9      | Reached skill level 1 in Armour
 10967 | D:9      | Noticed a two-headed ogre
 10973 | D:9      | Killed a two-headed ogre
 11049 | D:10     | Entered Level 10 of the Dungeon
 11092 | D:10     | Reached skill level 5 in Fighting
 11093 | D:10     | Reached XP level 11. HP: 79/86 MP: 7/13
 11144 | D:10     | Noticed Harold
 11158 | D:10     | Killed Harold
 11512 | D:10     | Identified a scroll of acquirement
 11676 | D:10     | Noticed Sonja
 11681 | D:10     | Noticed a two-headed ogre
 11683 | D:10     | Killed a two-headed ogre
 11688 | D:10     | Slain by Sonja

Vault maps used:
D:1:      evilmike_arrival_plus, st_stairs_3, ashenzari_altar_1
D:2:      chequers_temple_overflow_minitemple, cheibriados_altar_1
D:3:      cheibrodos_greedy_goblins, first_bread, uniq_grinder, uniq_jessica,
          uniq_iyjb
D:4:      serial_shops, shop, uniq_pikel
D:5:      kennysheep_little_box, serial_curves, eino_curves_02, eino_curves_03,
          eino_curves_02, tgw_xom
D:6:      tgw_trog, overflow_temple_1_default, portal_sewer_entry_b
D:7:      kennysheep_kobold_camp, tso_altar, minmay_temple_entry_hall
D:8:      lair_entry_dummy, serial_shops, nicolae_shop_trees
D:9:      serial_shops, nicolae_shop_statue_plus
D:10:     uniq_sonja, uniq_harold
Sewer:    sewer_frog_island_02

Skill      XL: |  1  2  3  4  5  6  7  8  9 10 11 |
---------------+----------------------------------+-----
Unarmed Combat | 4 6 7 9 10 11 13 | 13.3
Transmutations | 2 3 5 7 |  7.1
Fighting       | 3 5 |  5.8
Armour         | 3 4 |  4.5
Dodging        | |  1.9
Spellcasting   | |  1.5

Action                   |  1- 3 |  4- 6 |  7- 9 | 10-12 || total
-------------------------+-------+-------+-------+-------++-------
Melee: Unarmed           |   195 |   144 |   434 |   186 ||   959
       Kick              |    28 |    17 |    84 |    62 ||   191
       Headbutt          |     5 |     7 |    33 |       ||    45
       Punch             |     2 |     6 |    15 |     6 ||    29
 Cast: Beastly Appendage |     5 |     8 |    34 |       ||    47
       Spider Form       |       |     2 |    12 |     7 ||    21
       Blade Hands       |       |       |       |     9 ||     9
 Abil: End Transformatio |       |     1 |       |       ||     1
  Use: Scroll            |     4 |     2 |     7 |     3 ||    16
       Potion            |       |     1 |       |     3 ||     4
 Stab: Sleeping          |       |     2 |     6 |     1 ||     9
       Distracted        |       |       |     1 |     4 ||     5
  Eat: Chunk             |     3 |    13 |    14 |     9 ||    39
Armor: Robe              |     9 |       |       |       ||     9
       Leather armour    |    63 |    46 |   116 |    13 ||   238
       Skin              |       |       |     8 |     4 ||    12
       Ring mail         |       |       |       |    50 ||    50
Dodge: Dodged            |    90 |    62 |   231 |   108 ||   491
